 Dungeon Sprint DCSS version 0.29.1-13-g9f3cf754e1 (webtiles) character file.

Game seed: 12814258542653529262

280 theblackgale the Grappler (level 6, -7/47 HPs)
             Began as a Draconian Transmuter on Jan 26, 2023.
             Mangled by a slime creature (10 damage)
             ... in the Dungeon (Sprint I: "Red Sonja").
             The game lasted 00:03:53 (92 turns).

theblackgale the Grappler (Draconian Transmuter)      Turns: 92, Time: 00:03:54

Health: -7/47      AC:  6    Str: 14    XL:     6   Next: 5%
Magic:  8/14       EV: 13    Int: 13    God:
Gold:   162        SH:  0    Dex: 12    Spells: 14/15 levels left

rFire   . . .      SeeInvis .     - Unarmed
rCold   . . .      Faith    .   (no shield)
rNeg    . . .      Spirit   .   (body armour unavailable)
rPois   .          Reflect  .   (helmet restricted)
rElec   .          Harm     .   (no cloak)
rCorr   .          Rampage  .   (no gloves)
Will    .....      NoTele   +   (no boots)
Stlth   +.........              (no amulet)
HPRegen 0.15/turn               (no ring)
MPRegen 0.14/turn               (no ring)

@: no status effects
A: AC +6, unfitting armour, cold-blooded
a: no special abilities


You were in the Dungeon.
You visited 1 branch You collected 162 gold pieces.

Inventory:

Wands
 h - a wand of charming (4)
Scrolls
 g - a scroll of blinking
Potions
 a - a potion of lignification
 d - a potion of haste
 e - 2 potions of magic
 f - a potion of berserk rage


   Skills:
 + Level 1.6 Fighting
 + Level 4.7 Dodging
 + Level 9.4 Unarmed Combat
 + Level 5.4 Spellcasting
 + Level 5.1 Transmutations


You had 14 spell levels left.
You knew the following spells:

 Your Spells              Type           Power      Damage    Failure   Level
a - Beastly Appendage     Tmut           32%        N/A       2%          1

Your spell library contained the following spells:

 Spells                   Type           Power      Damage    Failure   Level
 Wereblood                Tmut           16%        N/A       3%          2
 Spider Form              Tmut/Pois      10%        N/A       19%         3
 Ice Form                 Ice/Tmut       10%        N/A       52%         4


Dungeon Overview and Level Annotations

Branches:
Dungeon (1/1)

Altars:
Makhleb
Xom
Jiyva
Lugonu


Innate Abilities, Weirdness & Mutations

Your plain brown scales are hard. (AC +6)
You cannot fit into any form of body armour.
You are cold-blooded and may be slowed by cold attacks.


Message History

Found a viscous altar of Jiyva and a corrupted altar of Lugonu.
The slime creature quivers.
There is an open door here.
You barely miss the slime creature. You headbutt the slime creature!
You punch the slime creature.
The slime creature is lightly wounded.
Your horns disappear.
Your talons disappear.
The slime creature jiggles.
The slime creature hits you.
You punch the slime creature! You tail-slap the slime creature.
The slime creature is moderately wounded.
The slime creature closely misses you.
You hit the slime creature.
The slime creature is moderately wounded.
The slime creature hits you but does no damage.
The slime creature closely misses you.
There is a viscous altar of Jiyva here.
You punch the slime creature!
The slime creature is heavily wounded.
The slime creature hits you!
You punch the slime creature!
The slime creature is severely wounded.
The slime creature misses you.
You barely miss the slime creature.
The slime creature is severely wounded.
You punch the slime creature!
The slime creature is severely wounded.
The slime creature hits you.
* * * LOW HITPOINT WARNING * * *
You feel much better. The slime creature hits you!
* * * LOW HITPOINT WARNING * * *
You feel better. The slime creature closely misses you.
You barely miss the slime creature.
The slime creature is severely wounded.
The slime creature hits you!!
* * * LOW HITPOINT WARNING * * *
You punch the slime creature!
The slime creature is almost dead.
The slime creature hits you!
You die...

###################
#<.#..'..#.)'..#@_#
#.)'..#..'..#..'J.+
#..#####'#####+#__#
#..# #..# #### #..#
#### #.)# #⌠⌠# ####


You could see a slime creature.

Vanquished Creatures
  Sigmund (D)
  An ogre (D)
  Ijyb (D)
3 creatures vanquished.

Notes
Turn   | Place    | Note
-------+----------+-------------------------------------------
     0 | D        | theblackgale the Draconian Transmuter began the quest for
                  | the Orb.
     0 | D        | Reached XP level 1. HP: 16/16 MP: 3/3
     1 | D        | Noticed Ijyb
    18 | D        | Killed Ijyb
    19 | D        | Reached skill level 5 in Unarmed Combat
    19 | D        | Reached XP level 2. HP: 14/23 MP: 3/5
    29 | D        | Noticed an ogre
    41 | D        | Killed an ogre
    42 | D        | Reached skill level 7 in Unarmed Combat
    42 | D        | Reached XP level 3. HP: 19/28 MP: 3/8
    42 | D        | Reached XP level 4. HP: 24/35 MP: 3/10
    60 | D        | Noticed Sigmund
    66 | D        | Killed Sigmund
    67 | D        | Reached skill level 9 in Unarmed Combat
    67 | D        | Reached skill level 5 in Spellcasting
    67 | D        | Reached skill level 5 in Transmutations
    67 | D        | Reached XP level 5. HP: 26/40 MP: 5/12
    67 | D        | Reached XP level 6. HP: 30/47 MP: 5/14
    78 | D        | Found a burning altar of Makhleb.
    78 | D        | Found a shimmering altar of Xom.
    78 | D        | Noticed a slime creature
    79 | D        | Found a viscous altar of Jiyva.
    79 | D        | Found a corrupted altar of Lugonu.
    92 | D        | Mangled by a slime creature

Illustrated notes

Levels and vault maps discovered:
D:        dungeon_sprint_1 [red_sonja_temple_1, red_sonja_temple_small_1]

Skill      XL: |  1  2  3  4 |
---------------+-------------+-----
Dodging        | 2 3 4 |  4.7
Unarmed Combat | 5 7 9 |  9.4
Spellcasting   | 4 5 |  5.4
Transmutations | 3 5 |  5.1
Fighting       | |  1.6

Action                   |  1- 3 |  4- 6 || total
-------------------------+-------+-------++-------
Melee: Unarmed           |    14 |    12 ||    26
       Headbutt          |     4 |     2 ||     6
       Tailslap          |     4 |     2 ||     6
       Kick              |     4 |     2 ||     6
       Punch             |     1 |     1 ||     2
 Cast: Beastly Appendage |     2 |     1 ||     3
  Use: Potion            |       |     2 ||     2
Armor: Skin              |     1 |     1 ||     2
Dodge: Dodged            |     8 |     6 ||    14
